 Dungeon Crawl Stone Soup version 0.25-a0-1036-g6f112fb28d (webtiles) character file.

Game seed: 1126485462914126727, levelgen mode: deterministic

165 Maedhros the Insei (level 5, -1/33 HPs)
             Began as an Octopode Artificer on May 13, 2020.
             Slain by a bullfrog (5 damage)
             ... in a sewer.
             The game lasted 00:04:06 (1102 turns).

Maedhros the Insei (Octopode Artificer)             Turns: 1102, Time: 00:04:07

Health: -1/33      AC:  1    Str: 11    XL:     5   Next: 46%
Magic:  7/7        EV: 13    Int: 13    God:
Gold:   80         SH:  0    Dex: 14    Spells: 4/4 levels left

rFire    . . .     SeeInvis .   l - +0 rapier
rCold    + . .     Gourm    .   (no shield)
rNeg     . . .     Faith    .   (helmet restricted)
rPois    .         Spirit   .   (no amulet)
rElec    .         Reflect  .   a - ring of protection from cold
rCorr    .         Harm     .   (no ring)
MR       .....                  (no ring)
Stlth    +++++.....             (no ring)
HPRegen  0.11/turn              (no ring)
MPRegen  0.10/turn              (no ring)
                                (no ring)
                                (no ring)

@: no status effects
A: almost no armour, stealthy swim, amphibious, 8 rings, constrict 8, camouflage
1, gelatinous body 1
a: no special abilities


You were in a sewer.
You were not hungry.

You visited 1 branch of the dungeon, and saw 4 of its levels.
You also visited: Sewer.

You collected 80 gold pieces.

Inventory:

Hand Weapons
 l - a +0 rapier (weapon)
Missiles
 i - 7 atropa-tipped darts (quivered)
Jewellery
 a - a ring of protection from cold (left tentacle)
 m - an uncursed amulet of faith {unknown}
Wands
 b - a wand of flame (10)
 c - a wand of enslavement (13)
 d - a wand of random effects (15)
 k - a wand of polymorph (9)
Scrolls
 e - 2 scrolls of teleportation {unknown}
 g - 4 scrolls of identify {unknown}
 h - a scroll of enchant weapon {unknown}
 j - 3 scrolls of remove curse {unknown}
 n - a scroll of fog {unknown}
Comestibles
 f - 4 rations


   Skills:
 - Level 1.0 Fighting
 - Level 1.0 Short Blades
 - Level 2.0 Dodging
 - Level 4.0 Stealth
 + Level 4.2 Unarmed Combat
 - Level 3.2 Evocations


You had 4 spell levels left.
You didn't know any spells.
Your spell library was empty.

Dungeon Overview and Level Annotations

Branches:
Dungeon (4/15)              Sewer (1/1)
 Temple: D:4-7

Altars:
Elyvilon

Annotations:
D:2 Sigmund


Innate Abilities, Weirdness & Mutations

You cannot wear most types of armour.
You are very stealthy in the water. (Stealth+)
You are amphibious.
You can wear up to eight rings at the same time.
You can use your tentacles to constrict eight enemies at once.
Your skin changes colour to match your surroundings (Stealth+).
Your rubbery body absorbs attacks. (AC +1, EV +1)


Message History

A bullfrog comes into view.
The bullfrog hits you. The bullfrog closely misses you.
Evoke which item? (* to show all) (? for menu, Esc to quit)
Okay, then.
Unknown command.
Evoke which item? (* to show all) (? for menu, Esc to quit)
Aiming: Enslavement
Press: ? - help, Shift-Dir - straight line, f - bullfrog
Aim: a bullfrog (water, chance to defeat MR: 55%)
The bullfrog resists with significant effort.
The bullfrog hits you. x2
Evoke which item? (* to show all) (? for menu, Esc to quit)
Aiming: Enslavement
Press: ? - help, Shift-Dir - straight line, f/p - bullfrog
Aim: a bullfrog (water, chance to defeat MR: 55%)
The bullfrog resists with significant effort.
The bullfrog hits you!
* * * LOW HITPOINT WARNING * * *
The bullfrog hits you.
You die...

#.# ≈≈≈.≈≈≈≈≈≈≈≈≈≈.# #.#
≈≈≈≈.≈≈≈≈≈≈≈≈≈≈.# ### #.#
≈≈≈≈.)≈≈≈≈≈≈≈≈≈.# #.# #†#
≈≈≈.!!|≈≈≈≈≈≈≈≈.# #∩# #.#
≈≈≈≈.(≈≈≈≈≈≈≈≈≈.# #.# #.#
≈≈≈≈..≈≈≈≈≈.≈≈≈.# #∩# #.#
≈≈≈≈.≈≈≈≈≈≈.≈≈≈.# #.# #.#
≈≈≈≈≈≈≈F≈≈≈.≈≈≈.# #.# #.#
≈≈≈≈≈≈F@≈≈≈.≈≈≈.###≈## #.#
#≈≈≈≈≈≈≈≈≈#.≈≈≈.##.≈.# #.#
##≈≈≈≈≈≈≈≈#.≈≈≈.##≈†≈# #.#
##≈≈≈≈≈###.≈≈≈.##≈≈.# #.#
####### #.≈≈≈.##.≈.# #.#
#.≈≈≈≈##≈≈≈# #.# #≈≈≈≈.##≈≈≈#
#.################≈≈≈≈.##≈≈≈##
#.....≈≈..≈≈.≈..≈.≈≈≈≈≈≈≈≈≈..#


You could see 2 bullfrogs.

Vanquished Creatures
  A hound skeleton (D:4)
  7 adders
  2 oozes
  2 worms (D:3)
  2 dart slugs
  3 leopard geckos
  4 orcs (D:3)
  10 giant cockroaches
  A goblin (D:1)
  5 hobgoblins
  A jackal (D:4)
  4 bats
  13 frilled lizards
  5 kobolds
  9 rats
69 creatures vanquished.

Notes
Turn   | Place    | Note
-------+----------+-------------------------------------------
     0 | D:1      | Maedhros the Octopode Artificer began the quest for the
                  | Orb.
     0 | D:1      | Reached XP level 1. HP: 13/13 MP: 3/3
    53 | D:1      | Reached XP level 2. HP: 12/18 MP: 4/4
   140 | D:2      | Reached XP level 3. HP: 11/23 MP: 5/5
   177 | D:2      | Reached skill level 1 in Unarmed Combat
   224 | D:2      | Noticed Sigmund
   390 | D:4      | Found a white marble altar of Elyvilon.
   442 | D:4      | Reached XP level 4. HP: 4/28 MP: 6/6
   893 | D:3      | Found a glowing drain.
   900 | D:3      | Reached XP level 5. HP: 17/33 MP: 7/7
   913 | Sewer    | Entered a sewer
  1102 | Sewer    | Slain by a bullfrog

Illustrated notes

Levels and vault maps discovered:
D:1:      tarquinn_simple_flora_water_c, layout_basic
D:2:      layout_basic, serial_forest, infiniplex_forest_lined_2,
          infiniplex_forest_clump_tiny, infiniplex_forest_straight_2,
          infiniplex_forest_zigzag_1, infiniplex_forest_corner_2,
          infiniplex_forest_end_2, infiniplex_forest_diagonal,
          kennysheep_flooded_box, uniq_robin, uniq_sigmund
D:3:      layout_loops_ring, portal_sewer_entry_e, kennysheep_generic_room_6
D:4:      layout_loops_ring, kennysheep_mini_moat, first_ration,
          elyvilon_altar_3
Sewer:    sewer_frog_island_01

Skill      XL: |  1  2  3  4  5 |
---------------+----------------+-----
Stealth        | 2 4 |  4.0
Unarmed Combat | 2 3 4 |  4.2
Fighting       | |  1.0
Short Blades   | |  1.0
Dodging        | |  2.0
Evocations     | |  3.2

Action                   |  1- 3 |  4- 6 || total
-------------------------+-------+-------++-------
Melee: Short sword       |    72 |     1 ||    73
       Constrict         |    21 |    23 ||    44
       Tentacles         |    14 |    14 ||    28
       Punch             |     2 |     4 ||     6
       Rapier            |       |    67 ||    67
Evoke: Wand              |       |     7 ||     7
 Stab: Sleeping          |     6 |     8 ||    14
       Distracted        |       |     1 ||     1
  Eat: Chunk             |       |     1 ||     1
Armor: Skin              |     8 |     2 ||    10
Dodge: Dodged            |    42 |    35 ||    77

Table legend:
 A = Non-vault XP
 B = Vault XP
 C = Vault XP percentage of total XP
 D = Non-vault monster count
 E = Vault monster count
 F = Vault count percentage of total count
                 A         B        C        D         E       F
            +---------+---------+-------+---------+---------+-------
      Total |     129 |     107 |  45.3 |      43 |      26 |  37.7
            +---------+---------+-------+---------+---------+-------
        D:1 |      32 |       0 |   0.0 |      17 |       0 |   0.0
        D:2 |      16 |       0 |   0.0 |       7 |       0 |   0.0
        D:3 |      47 |      43 |  47.8 |      16 |       9 |  36.0
        D:4 |      34 |       0 |   0.0 |       3 |       0 |   0.0
      Sewer |       0 |      64 | 100.0 |       0 |      17 | 100.0
            +---------+---------+-------+---------+---------+-------
